 Dungeon Crawl Stone Soup version 0.30-a0-371-gad7725a93e (webtiles) character file.

Game seed: 16474445025269037061

67 funkygono the Firebug (level 4, -1/30 HPs)
             Began as a Human Fire Elementalist on Nov 20, 2022.
             Slain by Crazy Yiuf
             ... wielding a +3 quarterstaff of chaos
              (8 damage)
             ... on level 2 of the Dungeon.
             The game lasted 00:03:32 (2123 turns).

funkygono the Firebug (Human Fire Elementalist)     Turns: 2123, Time: 00:03:33

Health: -1/30      AC:  2    Str: 20    XL:     4   Next: 38%
Magic:  7/7        EV: 12    Int: 18    God:
Gold:   168        SH:  0    Dex: 13    Spells: 2/8 levels left

rFire   . . .      SeeInvis .    o - +1 hammer (drain)
rCold   . . .      Faith    .    (no shield)
rNeg    . . .      Spirit   .    a - +0 robe
rPois   .          Reflect  .    (no helmet)
rElec   .          Harm     .    (no cloak)
rCorr   .          Rampage  .    (no gloves)
Will    .....                    (no boots)
Stlth   ++........               (no amulet)
HPRegen 0.25/turn                e - +6 ring of strength
MPRegen 0.10/turn                n - +6 ring of strength

@: no status effects
A: no striking features
a: no special abilities


You were on level 2 of the Dungeon.
You visited 1 branch of the dungeon, and saw 2 of its levels.

You collected 168 gold pieces.

Inventory:

Hand Weapons
 c - a +0 dagger of venom
 h - a +0 whip
 o - a +1 hammer of draining (weapon)
Armour
 a - a +0 robe (worn)
Jewellery
 e - a +6 ring of strength (left hand)
 n - a +6 ring of strength (right hand)
Scrolls
 g - 2 scrolls of fog {unknown}
 k - 2 scrolls of poison {unknown}
 p - a scroll of teleportation {unknown}
 q - a scroll of amnesia {unknown}
Potions
 d - 4 potions of curing {unknown}
 f - 2 potions of berserk rage {unknown}
 i - 2 potions of degeneration {unknown}
 j - a potion of flight {unknown}
 l - a potion of brilliance {unknown}
 m - a potion of heal wounds {unknown}


   Skills:
 + Level 0.1 Maces & Flails
 + Level 2.5 Dodging
 - Level 2.0 Stealth
 + Level 2.6 Spellcasting
 + Level 1.6 Conjurations
 + Level 3.8 Fire Magic


You had 2 spell levels left.
You knew the following spells:

 Your Spells              Type           Power      Damage    Failure   Level
a - Foxfire               Conj/Fire      48%        2x1d6     5%          1
b - Scorch                Fire           32%        2d6       5%          2
c - Kindle Blastsparks    Fire/Tloc/Air  14%        2d11      30%         3

Your spell library contained the following spells:

 Spells                   Type           Power      Damage    Failure   Level
 Inner Flame              Hex/Fire       9%         N/A       22%         3
 Flame Wave               Conj/Fire      12%        2d6       50%         4


Dungeon Overview and Level Annotations

Branches:
Dungeon (2/15)

Altars:
Gozag

Annotations:
D:2 Crazy Yiuf


Message History

a +0 dagger; a kobold corpse
There is a stone staircase leading down here.
You see here a +0 hammer.
You see here a +0 hammer.
You see here a +0 hammer.
You see here a +0 hammer.
Crazy Yiuf shouts!
Could not explore, unopened runed door.
You open the door.
Casting: Foxfire (safe; 5% risk of failure)
Confirm with . or Enter, or press ? or * to list all spells.
Flames lash Crazy Yiuf.
Crazy Yiuf is lightly wounded.
Crazy Yiuf's fire resistance burns away.
Casting: Scorch (safe; 5% risk of failure)
Confirm with . or Enter, or press ? or * to list all spells.
Flames lash Crazy Yiuf.
Crazy Yiuf is burned terribly!
Crazy Yiuf is heavily wounded.
Crazy Yiuf grits, "East!
Nubble childish noodlescoop."
Crazy Yiuf hits you with a +3 quarterstaff of chaos!
Casting: Scorch (safe; 5% risk of failure)
Confirm with . or Enter, or press ? or * to list all spells.
Flames lash Crazy Yiuf.
Crazy Yiuf is burned terribly!
Crazy Yiuf is severely wounded.
Crazy Yiuf hits you with a +3 quarterstaff of chaos!
* * * LOW HITPOINT WARNING * * *
Crazy Yiuf burns you.
* * * LOW HITPOINT WARNING * * *
Casting: Scorch (safe; 5% risk of failure)
Confirm with . or Enter, or press ? or * to list all spells.
You don't have enough magic to cast this spell.
Unknown command.
Casting: Scorch (safe; 5% risk of failure)
Confirm with . or Enter, or press ? or * to list all spells.
You don't have enough magic to cast this spell.
Unknown command.
Okay, then.
Magic courses through your body.
Crazy Yiuf hits you with a +3 quarterstaff of chaos!
You die...

#...........#
#.........
#..........)#
#.........
#...........#
##.#######
#.......#####
#.....### #.......#
#........ #.......#
###########.#.#
#.......# ###
###.#.)#)........
#.......#
#...##..#.)).))###.#.#
#########
#...g@####)..).......#
#)..### ##)#))###.#.#
### ########...#
#.....### #####.# #.#
#.### #.... #####


You could see Crazy Yiuf (combustible).

Vanquished Creatures
  A gnoll (D:1)
  An adder (D:2)
  2 dart slugs
  4 bats
  4 endoplasms
  3 giant cockroaches
  3 hobgoblins (D:2)
  5 kobolds
  2 quokkas (D:1)
  6 ball pythons
  4 frilled lizards
  4 goblins
  3 rats
42 creatures vanquished.

Vanquished Creatures (others)
  113 foxfires
113 creatures vanquished.

Grand Total: 155 creatures vanquished

Notes
Turn   | Place    | Note
-------+----------+-------------------------------------------
     0 | D:1      | funkygono the Human Fire Elementalist began the quest for
                  | the Orb.
     0 | D:1      | Reached XP level 1. HP: 13/13 MP: 3/3
   245 | D:1      | Reached XP level 2. HP: 14/19 MP: 0/5
   350 | D:1      | Reached XP level 3. HP: 24/24 MP: 4/6
   353 | D:1      | Learned a level 2 spell: Scorch
   357 | D:1      | Learned a level 3 spell: Kindle Blastsparks
   914 | D:1      | Found a faded altar of an unknown god.
  1427 | D:2      | Reached XP level 4. HP: 30/30 MP: 4/7
  1502 | D:2      | Found a runed translucent door.
  1503 | D:2      | Noticed Crazy Yiuf
  1888 | D:2      | Found an opulent altar of Gozag.
  2123 | D:2      | Slain by Crazy Yiuf

Illustrated notes

Levels and vault maps discovered:
D:1:      minmay_arrival_loop, layout_loops_ring,
          hellmonk_ecumenical_altar_arch_garden, minmay_tree_intersection,
          minmay_close_crescents
D:2:      layout_basic, basic_altar, uniq_crazy_yiuf_cottage

Action                   |  1- 3 |  4- 6 || total
-------------------------+-------+-------++-------
Melee: Dagger            |     1 |       ||     1
       Mace              |       |     3 ||     3
 Cast: Foxfire           |    48 |    20 ||    68
       Scorch            |     2 |     5 ||     7
  Use: Potion            |       |     1 ||     1
Armor: Robe              |     1 |     4 ||     5
Dodge: Dodged            |    11 |    12 ||    23

Table legend: (Time is in decaauts)
 A = Elapsed time spent in this place.
 B = Non-inter-level travel time spent in this place.
 C = Inter-level travel time spent in this place.
 D = Time resting spent in this place.
 E = Time spent auto-exploring this place.
 F = Levels seen in this place.
 G = Mean time per level.
                   A        B        C        D        E       F      G
               +--------+--------+--------+--------+--------+-----+--------+
         Total |   2121 |   2071 |     50 |      4 |   1797 |   2 | 1060.5 |
       Dungeon |   2121 |   2071 |     50 |      4 |   1797 |   2 | 1060.5 |
               +--------+--------+--------+--------+--------+-----+--------+

Top non-repeatable levels by time:
     D:1: 1119 daAuts
     D:2: 1002 daAuts
